 Dungeon Crawl Stone Soup version 0.29.0-4-gdea44cf6ec (webtiles) character file.

Game seed: 9954853754728354074

29 qw the Shield-Bearer (level 3, 0/23 HPs)
             Began as a Gargoyle Fighter on Sept 9, 2022.
             Slain by a goblin
             ... wielding a +0 dagger
             ... led by Robin
              (2 damage)
             ... on level 2 of the Dungeon.
             The game lasted 00:00:20 (1192 turns).

qw the Shield-Bearer (Gargoyle Fighter)             Turns: 1192, Time: 00:00:20

Health: 0/23       AC: 10    Str: 21    XL:     3   Next: 16%
Magic:  3/3        EV:  9    Int:  8    God:
Gold:   48         SH:  5    Dex: 15    Spells: 2/2 levels left

rFire   . . .      SeeInvis .   Y - +0 war axe
rCold   . . .      Faith    .   c - +0 buckler
rNeg    + . .      Spirit   .   b - +0 scale mail
rPois   inf        Reflect  .   (no helmet)
rElec   +          Harm     .   (no cloak)
rCorr   .          Rampage  .   (no gloves)
Will    .....                   (no boots)
Stlth   ..........              (no amulet)
HPRegen 0.07/turn               g - +6 ring of dexterity
MPRegen 0.08/turn               (no ring)

@: no status effects
A: sickness immunity, AC +3, negative energy resistance 1, electricity
resistance, torment resistance 1, petrification resistance
a: no special abilities


You were on level 2 of the Dungeon.
You visited 1 branch of the dungeon, and saw 2 of its levels.

You collected 48 gold pieces.


Innate Abilities, Weirdness & Mutations

You are immune to sickness and miasma.
Your stone body is resilient. (AC +3)
You are immune to poison.
You resist negative energy. (rN+)
You are resistant to electric shocks. (rElec)
You are resistant to unholy torment.
You are immune to petrification.


   Skills:
 - Level 3.2 Fighting
 - Level 3.0 Axes
 - Level 3.2 Armour
 + Level 0.5 Dodging
 - Level 3.2 Shields


You had 2 spell levels left.
You didn't know any spells.
Your spell library was empty.

Inventory:

Hand Weapons
 f - a +0 club
 Y - a +0 war axe (weapon)
Armour
 b - a +0 scale mail (worn)
 c - a +0 buckler (worn)
Jewellery
 g - a +6 ring of dexterity (left hand)
Potions
 d - a potion of might
 h - a potion of degeneration {unknown}

Dungeon Overview and Level Annotations

Branches:
Dungeon (2/15)

Altars:

Shops:
D:1 [

Annotations:
D:2 Robin


Message History

You block the hobgoblin's attack. You block the goblin's attack.
You have reached level 3!
Your experience leads to an increase in your attributes!
Your base attributes are Str 19, Int 8, Dex 9.
Increase (S)trength, (I)ntelligence, or (D)exterity?
You feel stronger. x2
You hit the goblin but do no damage. You barely miss the hobgoblin.
Robin hits you from afar with a +0 trident.
The goblin hits you but does no damage.
A goblin comes into view. It is wielding a +0 dagger.
You closely miss the goblin. You barely miss the hobgoblin.
You block Robin's attack. The goblin hits you but does no damage.
You block the hobgoblin's attack.
Robin hits you from afar with a +0 trident.
You block the goblin's attack.
You closely miss the goblin. You slash the hobgoblin!
You kill the hobgoblin!
Robin hits you but does no damage. The goblin barely misses you.
You barely miss the hobgoblin. You closely miss the goblin.
You hit the hobgoblin but do no damage.
Robin hits you from afar with a +0 trident.
The hobgoblin barely misses you. You block the goblin's attack.
The hobgoblin hits you. The goblin hits you but does no damage.
Robin hits you but does no damage.
You hit the goblin.
You kill the goblin!
You barely miss the hobgoblin. You hit the goblin but do no damage.
You slash the hobgoblin!
You kill the hobgoblin!
The hobgoblin barely misses you.
Robin's bangles clink loudly.
Robin closely misses you. You block the goblin's attack.
You slash the hobgoblin!
You kill the hobgoblin!
You closely miss the goblin. You barely miss the goblin.
Robin closely misses you.
The goblin hits you but does no damage. x2
You barely miss the goblin. You miss the goblin. x2
The goblin hits you but does no damage. The goblin barely misses you.
Robin throws the goblin at you! The goblin hits you with a +0 dagger.
You die...

# .# .# ## .# ........
.####.##........... .
........./........ ..
>#................. ...
.................. ....
##................ ....
###............g##..#...
............##..@g......
............#..g#g......
...#.....#.......gg.....
##.................##...
.........#.#....#.......
.....###.#....###.##..#.
#.##.# ..##...# .. .##
.. ...........# #?. # #
###.##......# ..#


You could see Robin, 2 hobgoblins and 3 goblins.

Vanquished Creatures
  An adder (D:2)
  A dart slug (D:1)
  2 endoplasms (D:1)
  3 goblins
  4 hobgoblins (D:2)
  A quokka (D:2)
  A ball python (D:1)
  2 frilled lizards (D:1)
  2 kobolds
  A rat (D:1)
18 creatures vanquished.

Notes
Turn   | Place    | Note
-------+----------+-------------------------------------------
     0 | D:1      | qw the Gargoyle Fighter began the quest for the Orb.
     0 | D:1      | Reached XP level 1. HP: 14/14 MP: 1/1
     0 | D:1      | 0 ||| qw: Version: 0.1-a-113-g051387a
     0 | D:1      | 0 ||| qw: Game counter: 7204
     0 | D:1      | 0 ||| qw: Always use a shield: true
     0 | D:1      | 0 ||| qw: God list: Okawaru
     0 | D:1      | 0 ||| qw: Allow faded altars: false
     0 | D:1      | 0 ||| qw: Do Orc after D:15 true
     0 | D:1      | 0 ||| qw: Do second Lair branch before Depths: true
     0 | D:1      | 0 ||| qw: Lair rune preference: random
     0 | D:1      | 0 ||| qw: Plans: Normal, Zot, God:TSO, Crypt, Tomb, Zig,
                  | Orb
     0 | D:1      | 0 ||| PLANNING D:1-11
    61 | D:1      | Found Essim's Antique Armour Boutique.
    71 | D:1      | 71 ||| SHOPLISTING chain mail (126 gold, have 0).
    71 | D:1      | 71 ||| SHOPLISTING faintly humming scale mail (252 gold,
                  | have 0).
    71 | D:1      | 71 ||| SHOPLISTING glowing chain mail (210 gold, have 0).
    71 | D:1      | 71 ||| SHOPLISTING glowing helmet (210 gold, have 0).
    71 | D:1      | 71 ||| SHOPLISTING glowing scale mail (196 gold, have 0).
    71 | D:1      | 71 ||| SHOPLISTING runed ring mail (196 gold, have 0).
    71 | D:1      | 71 ||| SHOPLISTING tower shield (126 gold, have 0).
    89 | D:1      | 89 ||| Stepping ~*~*~tactically~*~*~ (hiding).
   296 | D:1      | Reached XP level 2. HP: 14/19 MP: 2/2
  1129 | D:1      | 1129 ||| DROPPING +2 ring mail of poison resistance.
  1130 | D:1      | 1130 ||| UPGRADING to +6 ring of dexterity.
  1131 | D:1      | 1131 ||| READING scroll labelled RUH PUELYJUBICABI.
  1135 | D:1      | 1135 ||| READING scroll labelled RUELAL BYOT.
  1170 | D:2      | 1170 ||| Stepping ~*~*~tactically~*~*~ (stealth).
  1180 | D:2      | Reached skill level 3 in Axes
  1181 | D:2      | Noticed Robin
  1183 | D:2      | 1183 ||| Stepping ~*~*~tactically~*~*~ (hiding).
  1186 | D:2      | Reached XP level 3. HP: 18/23 MP: 3/3
  1189 | D:2      | HP: 2/23 [hobgoblin[Robin] (4)]
  1192 | D:2      | Slain by a goblin

Levels and vault maps discovered:
D:1:      grunt_arrival_lava_bath, layout_loops_corners, serial_shops, shop
D:2:      layout_rooms, serial_shops, nicolae_shop_hallway_stairs, uniq_robin,
          uniq_natasha

Skill      XL: |  1  2 |
---------------+-------+-----
Axes           | 2 3 |  3.0
Fighting       | |  3.2
Armour         | |  3.2
Dodging        | |  0.5
Shields        | |  3.2

Action                   || total
-------------------------++-------
Melee: War axe           ||    40
  Use: Scroll            ||     2
Armor: Scale mail        ||    18
Dodge: Dodged            ||    19
Block: Buckler           ||    13

Table legend:
 A = Non-vault XP
 B = Vault XP
 C = Vault XP percentage of total XP
 D = Non-vault monster count
 E = Vault monster count
 F = Vault count percentage of total count
                 A         B        C        D         E       F
            +---------+---------+-------+---------+---------+-------
      Total |      33 |       9 |  21.4 |      13 |       5 |  27.8
            +---------+---------+-------+---------+---------+-------
        D:1 |      17 |       0 |   0.0 |      10 |       0 |   0.0
        D:2 |      16 |       9 |  36.0 |       3 |       5 |  62.5
            +---------+---------+-------+---------+---------+-------
